 Dungeon Crawl Stone Soup version 0.30-a0-578-gdee14c521f (webtiles) character file.

Game seed: 14525753954076224552

819 chunkyMonkey the Grave Robber (level 7, -2/65 HPs)
             Began as a Troll Necromancer on Dec 31, 2022.
             Slain by a two-headed ogre
             ... wielding a +0 giant club
              (32 damage)
             ... on level 4 of the Dungeon.
             The game lasted 00:13:27 (4647 turns).

chunkyMonkey the Grave Robber (Troll Necromancer)   Turns: 4647, Time: 00:13:27

Health: -2/65      AC:  5    Str: 16 (19) XL:     7   Next: 63%
Magic:  5/9        EV: 10    Int:  8 (11) God:
Gold:   215        SH:  0    Dex:  7 (10) Spells: 6/10 levels left

rFire   + . .      SeeInvis .    d - +2 whip (elec)
rCold   + . .      Faith    .    (no shield)
rNeg    + . .      Spirit   .    a - +1 robe
rPois   .          Reflect  .    (helmet restricted)
rElec   .          Harm     .    e - scarf {rC+ rF+}
rCorr   .          Rampage  .    (gloves unavailable)
Will    +....      Clarity  +    (boots unavailable)
Stlth   +                        (no amulet)
HPRegen 1.10/turn                k - ring of willpower
MPRegen 0.11/turn                n - ring of positive energy

@: no status effects
A: large, unfitting armour, claws 3, regeneration 1, shaggy fur 1, tough skin 1,
clarity, deterioration 1
a: no special abilities


You were on level 4 of the Dungeon.
You visited 1 branch of the dungeon, and saw 4 of its levels.

You collected 215 gold pieces.

Inventory:

Hand Weapons
 d - a +2 whip of electrocution (weapon)
 j - a +2 spear of protection
Missiles
 g - 12 poisoned darts (quivered)
Armour
 a - a +1 robe (worn)
 e - a scarf of resistance (worn)
Jewellery
 f - a ring of resist corrosion
 k - a ring of willpower (left claw)
 n - a ring of positive energy (right claw)
Potions
 b - a potion of magic
 c - 2 potions of flight
 h - a potion of heal wounds
 i - a potion of curing


   Skills:
 + Level 2.0 Fighting
 + Level 0.4 Maces & Flails
 + Level 2.0 Throwing
 + Level 2.1 Armour
 + Level 2.8 Dodging
 - Level 1.5 Stealth
 + Level 2.7 Unarmed Combat
 + Level 2.1 Spellcasting
 * Level 4.9 Necromancy


You had 6 spell levels left.
You knew the following spells:

 Your Spells              Type           Power      Damage    Failure   Level
a - Necrotise             Necr           32%        1d5       4%          1
b - Vampiric Draining     Necr           8%         2d6       14%         3

Your spell library contained the following spells:

 Spells                   Type           Power      Damage    Failure   Level
 Animate Dead             Necr           8%         N/A       43%         4
 Static Discharge         Conj/Air       0%         2-2/arc   47%         2
 Vhi's Electric Charge    Tloc/Air       0%         N/A       71%         3
 Agony                    Necr           8%         N/A       78%         5
 Arcjolt                  Conj/Air       0%         1d10      100%        5
 Lightning Bolt           Conj/Air       0%         1d11      100%        5
 Conjure Ball Lightning   Conj/Air       0%         3x3d6     100%        6
 Discord                  Hex            0%         N/A       100%        8
 Disjunction              Tloc           0%         N/A       100%        8


Dungeon Overview and Level Annotations

Branches:
Dungeon (4/15)             Temple (0/1) D:4

Altars:

Shops:
D:2 [


Innate Abilities, Weirdness & Mutations

You are too large for most types of armour.
You have claws for hands.
Your natural rate of healing is unusually fast.
You are covered in fur. (AC +1)
You have tough skin. (AC +1)
You possess an exceptional clarity of mind.
Your body sometimes deteriorates upon taking damage.


Message History

It was a potion of degeneration.
There was something very wrong with that liquid.
You feel weakened.
You feel dopey.
You feel clumsy.
You see here a hound corpse.
Okay, then.
Throw: 13 darts (poison)
Press: ? - help, Q - select action, (/) - cycle Shift-Dir - straight line, f - two-headed ogre
Aim: a two-headed ogre, wielding two +0 giant clubs (71% to hit)
You throw a poisoned dart.
The poisoned dart completely misses the two-headed ogre.
You see here a quokka skeleton.
You see here a hobgoblin skeleton.
The two-headed ogre closely misses you.
The two-headed ogre hits you with a +0 giant club!
Okay, then.
You aren't carrying any items that you can evoke.
Unknown command.
You aren't carrying any scrolls.
Unknown command.
Casting: Necrotise (safe; 4% risk of failure)
Confirm with . or Enter, or press ? or * to list all spells.
Okay, then.
Casting: Necrotise (safe; 4% risk of failure)
Confirm with . or Enter, or press ? or * to list all spells.
Aiming: Necrotise (safe; 4% risk of failure)
Press: ? - help, Shift-Dir - straight line, f/p - two-headed ogre
Aim: a two-headed ogre, wielding two +0 giant clubs (chance to affect: 41%)
The two-headed ogre writhes in agony.
You hit the two-headed ogre but do no damage.
The two-headed ogre is lightly wounded.
The two-headed ogre hits you with a +0 giant club! x2
Casting: Necrotise (safe; 4% risk of failure)
Confirm with . or Enter, or press ? or * to list all spells.
Aiming: Vampiric Draining (dangerous; 14% risk of failure)
Press: ? - help, Shift-Dir - straight line, f/p - two-headed ogre
Aim: a two-headed ogre, wielding two +0 giant clubs (lightly wounded)
You draw life force from the two-headed ogre.
You feel life coursing into your body.
The two-headed ogre hits you with a +0 giant club!!
You die...

.................#....###.....#
######...####.#.......# #.....#
#........###..#### #######
#...###### ##.# #...# #.####
##...#########....# ##
#.........[.#####.#### #.
#.....#####.###......# #.
#####.###.###...@O..#.##.# #.
......#.......#.###.#.##.#######รท
.#).....#.##....###.#............
.#......#.##.#...##.####.#######.
.#.^......##.....##......# ##
..#...#######..[....######
..#####........>.####
..#####.########.# ..##.......#
#.#


You could see a two-headed ogre.

Vanquished Creatures
  Pikel (D:4)
  A hound (D:4)
  2 iguanas (D:4)
  Terence (D:2)
  Robin (D:2)
  7 gnolls
  8 adders
  An ufetubus (D:4)
  2 worms (D:3)
  2 dart slugs
  8 orcs (D:3)
  9 ball pythons
  4 bats
  6 endoplasms
  5 giant cockroaches
  14 goblins
  10 hobgoblins
  4 jackals
  6 quokkas
  3 frilled lizards
  5 kobolds
  8 rats
108 creatures vanquished.

Vanquished Creatures (collateral kills)
  A goblin (D:2)
  A ball python (D:2)
2 creatures vanquished.

Vanquished Creatures (others)
  3 fungi (D:2)
3 creatures vanquished.

Grand Total: 113 creatures vanquished

Notes
Turn   | Place    | Note
-------+----------+-------------------------------------------
     0 | D:1      | chunkyMonkey the Troll Necromancer began the quest for the
                  | Orb.
     0 | D:1      | Reached XP level 1. HP: 16/16 MP: 1/1
   337 | D:1      | Reached XP level 2. HP: 24/24 MP: 2/2
  1278 | D:2      | Reached XP level 3. HP: 32/32 MP: 4/4
  1324 | D:2      | Learned a level 3 spell: Vampiric Draining
  1332 | D:2      | Noticed Terence
  1348 | D:2      | Killed Terence
  1576 | D:2      | Reached skill level 1 in Unarmed Combat
  1576 | D:2      | Reached XP level 4. HP: 40/40 MP: 2/5
  1741 | D:2      | Noticed Robin
  1773 | D:2      | Reached skill level 1 in Fighting
  1872 | D:2      | Killed Robin
  2158 | D:2      | Reached skill level 1 in Armour
  2442 | D:2      | Found Bidd's Armour Shop.
  2537 | D:3      | Reached XP level 5. HP: 48/48 MP: 6/6
  2717 | D:3      | Reached skill level 4 in Necromancy
  3672 | D:4      | Reached skill level 1 in Throwing
  3701 | D:4      | Reached XP level 6. HP: 51/55 MP: 7/7
  3717 | D:4      | Noticed Pikel
  3745 | D:4      | Killed Pikel
  3746 | D:4      | Reached XP level 7. HP: 28/63 MP: 7/9
  3823 | D:4      | Noticed a two-headed ogre
  4262 | D:4      | Found a staircase to the Ecumenical Temple.
  4584 | D:4      | Gained mutation: You possess an exceptional clarity of
                  | mind. [potion of mutation]
  4584 | D:4      | Gained mutation: Your body sometimes deteriorates upon
                  | taking damage. [potion of mutation]
  4647 | D:4      | Slain by a two-headed ogre

Illustrated notes

Levels and vault maps discovered:
D:1:      psy_arrival_basics, layout_basic
D:2:      layout_basic, serial_shops, nicolae_lakefront_shop,
          kennysheep_crisscross, minmay_shallow_snake_nest, uniq_robin,
          uniq_terence
D:3:      minmay_recursive_quarters, layout_loops_ring, skrybe_limestone_x,
          minmay_quadrilaterals
D:4:      minmay_chambers_of_fours, layout_loops_cross,
          minmay_temple_entry_arrows, uniq_pikel

Skill      XL: |  1  2  3  4  5  6  7 |
---------------+----------------------+-----
Unarmed Combat | 1 2 |  2.7
Fighting       | 1 2 |  2.0
Dodging        | 2 |  2.8
Armour         | 1 2 |  2.1
Necromancy     | 4 |  4.9
Throwing       | 1 2 |  2.0
Spellcasting   | 2 |  2.1
Maces & Flails | |  0.4
Stealth        | |  1.5

Action                   |  1- 3 |  4- 6 |  7- 9 || total
-------------------------+-------+-------+-------++-------
Melee: Unarmed           |    89 |   211 |       ||   300
       Punch             |       |     6 |     2 ||     8
       Whip              |       |       |    72 ||    72
Throw: Dart              |       |     2 |     1 ||     3
 Cast: Necrotise         |    11 |    33 |     1 ||    45
       Vampiric Draining |       |       |     1 ||     1
  Use: Scroll            |     3 |     1 |     3 ||     7
       Potion            |       |     1 |     3 ||     4
 Stab: Sleeping          |     3 |     2 |     2 ||     7
Armor: Robe              |    28 |    83 |    29 ||   140
Dodge: Dodged            |    42 |   111 |    38 ||   191

Table legend: (Time is in decaauts)
 A = Elapsed time spent in this place.
 B = Non-inter-level travel time spent in this place.
 C = Inter-level travel time spent in this place.
 D = Time resting spent in this place.
 E = Time spent auto-exploring this place.
 F = Levels seen in this place.
 G = Mean time per level.
                   A        B        C        D        E       F      G
               +--------+--------+--------+--------+--------+-----+--------+
         Total |   4629 |   4443 |    186 |   1253 |   2082 |   4 | 1157.2 |
       Dungeon |   4629 |   4443 |    186 |   1253 |   2082 |   4 | 1157.2 |
               +--------+--------+--------+--------+--------+-----+--------+

Top non-repeatable levels by time:
     D:1: 1324 daAuts
     D:2: 1179 daAuts
     D:3: 1138 daAuts
     D:4: 988 daAuts
